 Dungeon Crawl Stone Soup version 0.23.2-40-g277498a001 (webtiles) character file.

Game seed: 14477316709767409108

629 FishyPogo the Grave Robber (level 7, -6/62 HPs)
             Began as a Deep Dwarf Necromancer on Aug 23, 2019.
             Mangled by Duvessa
             ... wielding a +0 rapier
              (10 damage)
             ... on level 3 of the Dungeon.
             The game lasted 00:18:23 (2812 turns).

FishyPogo the Grave Robber (Deep Dwarf Necromancer) Turns: 2812, Time: 00:18:23

Health: -6/62      AC:  2    Str: 11    XL:     7   Next: 23%
Magic:  12/12      EV: 14    Int: 17    God:
Gold:   280        SH:  0    Dex: 16    Spells: 8/13 levels left

rFire    . . .     SeeInvis .   a - +2 dagger (protect)
rCold    + . .     Gourm    .   (no shield)
rNeg     . . .     Faith    .   g - +0 robe
rPois    .         Spirit   .   (no helmet)
rElec    .         Reflect  .   (no cloak)
rCorr    .         Harm     .   (no gloves)
MR       +....     Rnd*Tele +   (no boots)
Stlth    +++.......             b - amulet of rage
HPRegen  0.00/turn              (no ring)
MPRegen  0.13/turn              (no ring)

@: very slightly contaminated, non-regenerating
A: damage resistance, heal wounds, thin skeletal structure 1, cold resistance 1,
sense surroundings 1, teleportitis 1, no regeneration
a: Heal Wounds, Evoke Berserk Rage


You were on level 3 of the Dungeon.
You were very hungry.

You visited 1 branch of the dungeon, and saw 4 of its levels.

You collected 280 gold pieces.

Inventory:

Hand Weapons
 a - a +2 dagger of protection (weapon)
Missiles
 d - 127 stones (quivered)
Armour
 g - a +0 robe (worn)
Jewellery
 b - an amulet of rage (around neck)
 p - an uncursed ring of ice
Wands
 h - a wand of polymorph (8)
 l - a wand of random effects (21)
Scrolls
 e - 3 scrolls of identify
 n - 4 scrolls of teleportation
Potions
 o - 2 potions of heal wounds
Comestibles
 c - 5 rations


   Skills:
 + Level 3.3 Fighting
 + Level 3.9 Dodging
 * Level 4.2 Stealth
 * Level 3.6 Spellcasting
 + Level 5.3 Necromancy
 + Level 2.9 Evocations


You had 8 spell levels left.
You knew the following spells:

 Your Spells              Type           Power        Failure   Level  Hunger
a - Pain                  Necr           ###.         1%          1    None
b - Animate Skeleton      Necr           N/A          1%          1    None
c - Vampiric Draining     Necr           ###.......   5%          3    ###....

Your spell library contained the following spells:

 Spells                   Type           Power        Failure   Level  Hunger
 Animate Dead             Necr           N/A          19%         4    ####...
 Regeneration             Chrm/Necr      Unusable     N/A         3    N/A

Dungeon Overview and Level Annotations

Branches:
Dungeon (4/15)
 Temple: D:4-7

Altars:
Fedhas
Xom

Annotations:
D:3 Duvessa
D:4 1 runed translucent door, 1 exclusion, Crazy Yiuf, Edmund


Innate Abilities, Weirdness & Mutations

You are resistant to damage.
You can heal yourself by infusing magical energy.
You passively map a small area around you.
You do not regenerate.
You have a somewhat thin skeletal structure. (Dex +2, Stealth)
Your flesh is cold resistant. (rC+)
You are occasionally teleported next to monsters.


Message History

You miscast Vampiric Draining.
Strange energies run through your body. Duvessa misses you.
Duvessa closely misses you. Duvessa misses you.
There is a stone staircase leading up here.
Duvessa misses you.
You climb upwards.
There is a stone staircase leading down here.
Okay, then.
Casting: Vampiric Draining (safe; 5% risk of failure)
Confirm with . or Enter, or press ? or * to list all spells.
Aiming: Vampiric Draining (safe; 5% risk of failure)
Press: ? - help, Shift-Dir - straight line, f - Duvessa
Aim: Duvessa, wielding a +0 rapier and wearing a +0 leather armour (lightly wounded, berserk, fast, unusually strong) Duvessa is moderately wounded.
You feel life coursing into your body. Duvessa completely misses you.
Magic courses through your body. Duvessa hits you with a +0 rapier!
* * * LOW HITPOINT WARNING * * *
Duvessa hits you with a +0 rapier!
You die...

...##.#.....#.# #....##
.........####.# #.....#
##.##.#.......#####....#
#.##.....##.....##....#
########..###.#.......#
##.......###.#.##
###.....# #....# #.....#
###### #....@# #....e#
#######


You could see Duvessa (berserk).

Vanquished Creatures
  Sigmund (D:3)
  An ogre (D:4)
  A centaur (D:4)
  Dowan (D:4)
  A bullfrog skeleton (D:4)
  Jessica (D:3)
  3 worker ants
  8 adders
  A worm (D:2)
  6 dart slugs
  2 leopard geckos
  An orc (D:3)
  3 giant cockroaches
  8 goblins
  6 hobgoblins
  A quokka (D:4)
  8 bats
  3 frilled lizards
  7 kobolds
  5 rats
  2 butterflies (D:2)
70 creatures vanquished.

Notes
Turn   | Place    | Note
-------+----------+-------------------------------------------
     0 | D:1      | FishyPogo the Deep Dwarf Necromancer began the quest for
                  | the Orb.
     0 | D:1      | Reached XP level 1. HP: 15/15 MP: 3/3
     2 | D:1      | Learned a level 1 spell: Animate Skeleton
   274 | D:1      | Reached XP level 2. HP: 24/24 MP: 0/5
   586 | D:2      | Reached XP level 3. HP: 28/30 MP: 3/6
   610 | D:2      | Learned a level 3 spell: Vampiric Draining
   615 | D:2      | Reached skill level 1 in Fighting
   741 | D:2      | Found a shimmering altar of Xom.
  1041 | D:2      | Reached XP level 4. HP: 36/38 MP: 1/7
  1260 | D:3      | Found a blossoming altar of Fedhas.
  1261 | D:3      | Found a blossoming altar of Fedhas.
  1281 | D:3      | Noticed Sigmund
  1323 | D:3      | Reached skill level 1 in Evocations
  1334 | D:3      | Noticed Jessica
  1343 | D:3      | Killed Jessica
  1781 | D:3      | Gained mutation: You are occasionally teleported next to
                  | monsters. [potion of mutation]
  1781 | D:3      | Gained mutation: Your flesh is cold resistant. (rC+)
                  | [potion of mutation]
  1781 | D:3      | Gained mutation: You have a somewhat thin skeletal
                  | structure. (Dex +2, Stealth) [potion of mutation]
  1789 | D:3      | Killed Sigmund
  1789 | D:3      | Reached skill level 5 in Necromancy
  1789 | D:3      | Reached XP level 5. HP: 32/46 MP: 0/9
  1789 | D:3      | Reached XP level 6. HP: 38/55 MP: 0/10
  2231 | D:4      | Found a runed translucent door.
  2232 | D:4      | Noticed Crazy Yiuf
  2373 | D:4      | Reached XP level 7. HP: 21/62 MP: 0/12
  2420 | D:4      | Noticed Edmund
  2677 | D:4      | Noticed Dowan
  2721 | D:4      | Noticed Duvessa
  2745 | D:4      | Killed Dowan
  2812 | D:3      | Mangled by Duvessa

Skill      XL: |  1  2  3  4  5  6  7 |
---------------+----------------------+-----
Spellcasting   | 2 3 |  3.6
Stealth        | 3 4 |  4.2
Fighting       | 1 2 3 |  3.3
Evocations     | 2 |  2.9
Dodging        | 3 |  3.9
Necromancy     | 5 |  5.3

Action                   |  1- 3 |  4- 6 |  7- 9 || total
-------------------------+-------+-------+-------++-------
Melee: Unarmed           |     1 |       |       ||     1
       Club              |    64 |    66 |       ||   130
Throw: Stone             |       |     2 |     1 ||     3
 Cast: Pain              |    44 |    30 |    12 ||    86
       Vampiric Draining |     8 |    22 |     9 ||    39
Evoke: Wand              |     3 |       |       ||     3
  Use: Potion            |       |     6 |     1 ||     7
       Scroll            |       |     6 |       ||     6
 Stab: Sleeping          |     2 |       |       ||     2
  Eat: Chunk             |     2 |     7 |     1 ||    10
Armor: Robe              |     9 |    13 |       ||    22
Dodge: Dodged            |    54 |    84 |     8 ||   146
